 Dungeon Crawl Stone Soup version 0.24-a0-584-g9d6b971ae4 (webtiles) character file.

Game seed: 14766631274118766106, levelgen mode: deterministic

193 BigAxe the Covered (level 5, -2/47 HPs)
             Began as a Minotaur Fighter on Sept 5, 2019.
             Slain by Natasha (3 damage)
             ... on level 3 of the Dungeon.
             The game lasted 00:14:06 (1725 turns).

BigAxe the Covered (Minotaur Fighter)               Turns: 1725, Time: 00:14:06

Health: -2/47      AC:  9    Str: 26    XL:     5   Next: 44%
Magic:  4/4        EV:  7    Int:  5    God:
Gold:   132        SH: 10    Dex:  8    Spells: 4/4 levels left

rFire    . . .     SeeInvis .   a - +0 war axe
rCold    . . .     Gourm    .   c - +0 shield
rNeg     . . .     Faith    .   m - +0 chain mail
rPois    .         Spirit   .   (helmet restricted)
rElec    .         Reflect  .   (no cloak)
rCorr    .         Harm     .   (no gloves)
MR       .....                  (no boots)
Stlth    ..........             (no amulet)
HPRegen  0.15/turn              (no ring)
MPRegen  0.09/turn              (no ring)

@: mighty, lethally poisoned (-2 -> -6), about to teleport, slowed, very slow
A: retaliatory headbutt, horns 2, blurry vision 1, clumsy 1
a: no special abilities


You were on level 3 of the Dungeon.
You were not hungry.

You visited 1 branch of the dungeon, and saw 3 of its levels.

You collected 132 gold pieces.

Inventory:

Hand Weapons
 a - a +0 war axe (weapon)
Missiles
 j - 75 stones (quivered)
Armour
 b - a +0 scale mail
 c - a +0 shield (worn)
 m - a +0 chain mail (worn)
Scrolls
 g - 3 scrolls of teleportation
 h - a scroll of remove curse
 i - a scroll of amnesia
 n - a scroll of magic mapping
Potions
 e - a potion of agility
 l - 2 potions of curing {unknown}
Comestibles
 f - 4 rations


   Skills:
 + Level 4.5 Fighting
 + Level 4.2 Axes
 + Level 4.7 Armour
 + Level 1.5 Dodging
 + Level 4.7 Shields


You had 4 spell levels left.
You didn't know any spells.
Your spell library was empty.

Dungeon Overview and Level Annotations

Branches:
Dungeon (3/15)

Altars:

Annotations:
D:3 Natasha


Innate Abilities, Weirdness & Mutations

You reflexively headbutt those who attack you in melee.
You have a pair of horns on your head.
Scrolls take you a little longer to read.
You are clumsy. (Dex -2)


Message History

* * * LOW HITPOINT WARNING * * *
You feel sick. The hobgoblin hits you with a +0 mace.
* * * LOW HITPOINT WARNING * * *
Natasha casts a spell.
As you read the scroll of teleportation, it crumbles to dust.
You feel strangely unstable.
You closely miss the hobgoblin. You headbutt the hobgoblin.
You kill the hobgoblin!
The jackal closely misses you.
You hit the jackal.
You kill the jackal!
* * * LOW HITPOINT WARNING * * *
You feel sick.
Natasha mumbles some strange words.
Natasha's front paws start to glow.
Natasha stares at you and mumbles some strange words.
You feel yourself slow down.
* * * LOW HITPOINT WARNING * * *
You feel sick. Natasha claws you.
You die...

#.#. ... #.. ### .. .#
#.. #.## #.# #.# .5# #.#
#######.# #w# #.#
#....##.# #h###.#
#....##.. #@.##.#
#....#### #.....#
#....#### #.....#
#...†...#
#.....#######.##.#
#..............#.#
#.................
#....>.÷.......###
#######....#.........###
#..........#.........#..


You could see Natasha, a crimson imp and a dart slug.

Vanquished Creatures
  2 orc wizards (D:3)
  Natasha (D:3)
  4 adders
  2 worms (D:2)
  4 dart slugs
  2 leopard geckos
  2 giant cockroaches (D:1)
  4 goblins
  11 hobgoblins
  5 jackals
  2 quokkas
  2 ball pythons
  4 bats
  3 frilled lizards
  7 kobolds
  9 rats
64 creatures vanquished.

Notes
Turn   | Place    | Note
-------+----------+-------------------------------------------
     0 | D:1      | BigAxe the Minotaur Fighter began the quest for the Orb.
     0 | D:1      | Reached XP level 1. HP: 19/19 MP: 0/0
   141 | D:1      | Reached XP level 2. HP: 27/27 MP: 1/1
   677 | D:1      | Reached XP level 3. HP: 33/33 MP: 2/2
  1015 | D:2      | Reached XP level 4. HP: 40/40 MP: 3/3
  1335 | D:2      | Gained mutation: You are clumsy. (Dex -2) [potion of
                  | mutation]
  1335 | D:2      | Gained mutation: You are very clumsy. (Dex -4) [potion of
                  | mutation]
  1335 | D:2      | Gained mutation: Scrolls take you a little longer to read.
                  | [potion of mutation]
  1335 | D:2      | Lost mutation: You are very clumsy. (Dex -4) [potion of
                  | mutation]
  1683 | D:3      | Noticed Natasha
  1698 | D:3      | Killed Natasha
  1704 | D:3      | Reached skill level 1 in Dodging
  1704 | D:3      | Reached XP level 5. HP: 23/47 MP: 4/4
  1709 | D:3      | Noticed Natasha
  1722 | D:3      | HP: 2/47 [hobgoblin/+0 mace (2)]
  1725 | D:3      | Slain by Natasha

Levels and vault maps discovered:
D:1:      nzn_arrival_settlement, layout_basic, minmay_misc_feat_rugged
D:2:      layout_basic, minmay_between
D:3:      layout_basic, okawaru_ov_weapons_minmay, ebering_ghost_rock_garden,
          first_ration, uniq_natasha

Skill      XL: |  1  2  3  4  5 |
---------------+----------------+-----
Armour         | 4 |  4.7
Shields        | 4 |  4.7
Fighting       | 4 |  4.5
Axes           | 3 4 |  4.2
Dodging        | 1 |  1.5

Action                   |  1- 3 |  4- 6 || total
-------------------------+-------+-------++-------
Melee: War axe           |    90 |    86 ||   176
       Headbutt          |     8 |    11 ||    19
  Use: Scroll            |     4 |     5 ||     9
       Potion            |     7 |     2 ||     9
  Eat: Chunk             |       |     3 ||     3
Armor: Scale mail        |    35 |    11 ||    46
       Chain mail        |       |    41 ||    41
Dodge: Dodged            |    24 |    15 ||    39
Block: Shield            |    47 |    44 ||    91

Table legend:
 A = Non-vault XP
 B = Vault XP
 C = Vault XP percentage of total XP
 D = Non-vault monster count
 E = Vault monster count
 F = Vault count percentage of total count
                 A         B        C        D         E       F
            +---------+---------+-------+---------+---------+-------
      Total |     235 |      42 |  15.2 |      58 |       6 |   9.4
            +---------+---------+-------+---------+---------+-------
        D:1 |      41 |       0 |   0.0 |      22 |       0 |   0.0
        D:2 |      77 |       7 |   8.3 |      26 |       5 |  16.1
        D:3 |     117 |      35 |  23.0 |      10 |       1 |   9.1
            +---------+---------+-------+---------+---------+-------
